 Dungeon Crawl Stone Soup version 0.32-a0-918-g0f22ef8d61 (webtiles) character file.

Game seed: 3479658798412509587

17 retardedninja the Trooper (level 2, 0/24 HPs)
             Began as a Coglin Fighter on Apr 11, 2024.
             Slain by Sigmund
             ... wielding a +0 scythe
              (7 damage)
             ... on level 2 of the Dungeon.
             The game lasted 00:01:22 (1083 turns).

retardedninja the Trooper (Coglin Fighter)          Turns: 1083, Time: 00:01:23

Health: 0/24       AC: 10    Str: 16    XL:     2   Next: 62%
Magic:  2/2        EV:  6    Int:  7    God:
Gold:   45         SH:  0    Dex: 13    Spells: 1/1 levels left

rFire   . . .        a - +0 war axe {Qiang}
rCold   . . .        (no shield)
rNeg    . . .        e - +0 chain mail
rPois   .            (no helmet)
rElec   .            c - +0 cloak
rCorr   .            (no gloves)
SInv    .            (no boots)
Will    .....        (amulet unavailable) Stlth
                     (ring unavailable)
HPRegen 0.24/turn    (ring unavailable)
MPRegen 0.08/turn    (no gizmo)

%: no passive effects
@: revved
A: off-hand wielding, slow wielding, warmup strikes, no jewellery
a: Invent Gizmo


You were on level 2 of the Dungeon.
You visited 1 branch of the dungeon, and saw 2 of its levels.

You collected 45 gold pieces.

Inventory:

Hand Weapons
 a - a +0 war axe (weapon) {Qiang}
Armour
 c - a +0 cloak (worn)
 e - a +0 chain mail (worn)
 i - a +0 pair of gloves
Scrolls
 b - a scroll of identify {unknown}
 f - a scroll of immolation {unknown}
Potions
 d - a potion of might
 h - a potion of curing {unknown}


   Skills:
 * Level 3.3 Fighting
 * Level 2.4 Axes
 + Level 2.9 Armour
 - Level 2.2 Shields


You had one spell level left.
You didn't know any spells.
Your spell library contained the following spells:

 Spells                   Type           Power      Damage    Failure   Level
 Ensorcelled Hibernation  Hex/Ice        0%         N/A       100%        2
 Passwall                 Erth           0%         N/A       100%        3
 Swiftness                Air            0%         N/A       100%        3


Dungeon Overview and Level Annotations

Branches:
Dungeon (2/15)

Altars:

Annotations:
D:2 Sigmund


Innate Abilities, Weirdness & Mutations

You can wield a second weapon in your off-hand.
It takes a long time for you to wield or remove held weapons.
Your first few attacks do less damage.
You cannot equip rings or amulets.


Message History

You are too injured to fight recklessly!
You are too injured to fight recklessly!
Unknown command.
You are too injured to fight recklessly!
Unknown command.
It was a potion of heal wounds.
You feel much better.
The orc hits you with a +0 mace of protection.
Something hits you.
You miss something. You slash the orc!
You kill the orc!
Something hits you.
You miss something. Something hits you.
You miss something.
You hear some strange, mumbled words.
A puff of flame appears from out of thin air!
The puff of flame hits you but does no damage.
You miss something. Something hits you.
You barely miss something. Something hits you.
You closely miss something.
You hear some strange, mumbled words.
A puff of flame appears from out of thin air!
The puff of flame hits you.
You barely miss something. Something hits you but does no damage.
You slash something!
You hear some strange, mumbled words.
Something tries to affect you, but you resist.
You barely miss something. Something hits you.
You hit something. Something hits you but does no damage.
You hit something. Something hits you but does no damage.
You closely miss something. Something hits you but does no damage.
You miss something.
You hear some strange, mumbled words.
A puff of flame appears from out of thin air!
The puff of flame hits you.
* * * LOW HITPOINT WARNING * * *
You hit something but do no damage.
Reactivating autopickup.
Sigmund appears from thin air!
Sigmund hits you with a +0 scythe!
You die...
Sigmund begins carving another notch in his scythe.

#..###..##...# .#
#..#...###...#
..##...<### #[###
#....#.## ##.#
###.....# #..#
##....## #.## #
##....###.###
#...####....#..)..#
#....@@..........#
......)......[....##
#..................#
#.##...............#
. ...[.............#
..................#
...................#
..................##
..#......#


You could see Sigmund.

Vanquished Creatures
  An orc (D:2)
  A bat (D:1)
  An endoplasm (D:1)
  3 goblins
  A hobgoblin (D:1)
  2 jackals (D:1)
  2 kobolds (D:1)
  2 frilled lizards (D:1)
  2 rats (D:1)
15 creatures vanquished.

Notes
Turn   | Place    | Note
-------+----------+-------------------------------------------
     0 | D:1      | retardedninja the Coglin Fighter began the quest for the
                  | Orb.
     0 | D:1      | Reached XP level 1. HP: 18/18 MP: 1/1
   430 | D:1      | Reached XP level 2. HP: 24/24 MP: 2/2
  1060 | D:2      | Noticed Sigmund
  1083 | D:2      | Slain by Sigmund

Illustrated notes

Levels and vault maps discovered:
D:1:      zelgadis_glass_arrival_small, layout_basic, serial_park_tiny_pond
D:2:      layout_rooms, uniq_crazy_yiuf_cottage, uniq_sigmund

Action                     || total
---------------------------++-------
  Melee: War axe           ||    43
    Use: Potion            ||     1
 Armour: Scale mail        ||     3
         Chain mail        ||    38
  Dodge: Dodged            ||    10
  Block: Buckler           ||     1

Table legend: (Time is in decaauts)
 A = Elapsed time spent in this place.
 B = Non-inter-level travel time spent in this place.
 C = Inter-level travel time spent in this place.
 D = Time resting spent in this place.
 E = Time spent auto-exploring this place.
 F = Levels seen in this place.
 G = Mean time per level.
                   A        B        C        D        E       F      G
               +--------+--------+--------+--------+--------+-----+--------+
         Total |   1099 |   1013 |     86 |      0 |    865 |   2 |  549.5 |
       Dungeon |   1099 |   1013 |     86 |      0 |    865 |   2 |  549.5 |
               +--------+--------+--------+--------+--------+-----+--------+

Top non-repeatable levels by time:
     D:1: 1035 daAuts
     D:2: 63 daAuts
